[Event "*** Titled Tuesday 3|2 Blitz (Late)"]
[Site "Chess.com"]
[Date "2017.01.03"]
[Round "9"]
[White "stalyansky"]
[Black "Kawhi_Leonard2"]
[Result "0-1"]
[WhiteElo "1125"]
[BlackElo "2200"]
[TimeControl "180+2"]
[EndTime "18:51:53 PST"]
[Termination "Kawhi_Leonard2 won by resignation"]

1. e4 c5 2. Nf3 d6 3. d4 cxd4 4.
Nxd4 Nf6 5. Nc3 g6 6. Be2 Bg7 7. O-O O-O 8. Bg5 Nc6 9. Nb3 Rb8 10. a4 a6 11. Kh1 Na5 12. f4 Nxb3 13. cxb3 Be6 14.
Bf3 Qb6 15. e5 Bxb3 16. Qe1 dxe5 17. fxe5 Nd7 18. Bxe7 Rfe8 19. Bd6 Rbd8 20. Nd5 Bxd5 21. Bxd5 Nxe5 22. Bxe5 Rxd5 23. Bc7 Rxe1 24. Bxb6 Rxa1 25. Rxa1 Bxb2 26. Re1 Be5 27. g3 f5 28. a5 Kf7 29.
Rc1 Rd7 30. Rc8 h5 31. Kg2 Rd2+ 32. Kh1 h4 33. Rc4 hxg3 34. hxg3 Bxg3 35. Rc3 Be5 36.
Re3 Bf6 37. Rb3 Rd7 38. Rh3 Kg7 39. Re3 g5 40. Kg2 f4 41. Rb3 Kg6 42. Kf3 Kf5 43.
Rb1 g4+ 44. Kg2 Rd2+ 45. Kh1 g3 46. Rg1 Kg4 47. Bc7 0-1

[Event "*** Titled Tuesday 3|2 Blitz (Late)"]
[Site "Chess.com"]
[Date "2017.01.03"]
[Round "9"]
[White "aspired"]
[Black "Hamisandwich"]
[Result "1-0"]
[WhiteElo "2484"]
[BlackElo "2401"]
[TimeControl "180+2"]
[EndTime "18:51:59 PST"]
[Termination "aspired won on time"]

1. e4 d6 2. d4 Nf6 3. Nc3 e5 4.
Nf3 Nbd7 5. Bc4 Be7 6. O-O O-O 7. a4 c6 8. h3 Qc7 9. Ba2 b6 10. Qe2 a6 11. Rd1 Rb8 12. d5 cxd5 13. Nxd5 Nxd5 14. Bxd5 Nf6 15. c4 Nxd5 16. exd5 h6 17. b3 f5 18. Ba3 Bf6 19. Rac1 a5 20. Bb2 Qd7 21. Nd2 g5 22. f3 h5 23. Nb1 Qh7 24. Nc3 g4 25.
fxg4 hxg4 26. hxg4 fxg4 27. Ne4 Bf5 28. Ng3 Bg6 29.
Qxg4 Kh8 30. Qe6 Bg5 31. Rc3 Rf6 32. Qg4 Bh4 33. Rf1 Rg8 34. Rxf6 Bxf6 35. Qe6 Bg7 36. Qxd6 Bd3 37. Qe6 Rf8 38. Rc1 1-0

[Event "*** Titled Tuesday 3|2 Blitz (Late)"]
[Site "Chess.com"]
[Date "2017.01.03"]
[Round "9"]
[White "jk13"]
[Black "severomorskij"]
[Result "0-1"]
[WhiteElo "2531"]
[BlackElo "2601"]
[TimeControl "180+2"]
[EndTime "18:52:07 PST"]
[Termination "severomorskij won by resignation"]

1. d4 Nf6 2. Bf4 c5 3. e3 Nd5 4. Bg3 Qb6 5. Nc3 Nxc3 6. bxc3 e6 7. Bd3 Nc6 8. Nf3 d5 9. O-O c4 10. Be2 Be7 11. e4 Qa5 12. Qe1 O-O 13. a4 Bd7 14.
Ne5 Nxe5 15. Bxe5 Bc6 16. Bf3 Rae8 17. exd5 Bxd5 18. Bxd5 Qxd5 19. Qb1 a6 20. Qb6 Bd8 21.
Qb4 Ba5 22. Qa3 f6 23. Bg3 Rf7 24. Rab1 h5 25. h3 Kh7 26. Rfe1 g5 27. Re3 Rg7 28.
Qd6 Qxd6 29. Bxd6 Rd7 30. Bb4 Bc7 31. Rbe1 e5 32. dxe5 Rxe5 33. g3 Rd2 34. Rxe5 Bxe5 35. Ba5 Rxc2 36. Rb1 Ra2 37. Rxb7+ Kg6 38. Bc7 Bxc3 39. Rb6 Bd4 40. Rc6 c3 41. a5 Bxf2+ 42. Kh1 Bd4 43. g4 hxg4 44. hxg4 c2 45. Bb6 Ra1+ 46. Kg2 c1=Q 47. Rxc1 Rxc1 48. Bxd4 Rc4 0-1

[Event "*** Titled Tuesday 3|2 Blitz (Late)"]
[Site "Chess.com"]
[Date "2017.01.03"]
[Round "9"]
[White "Hikaru"]
[Black "Cruel_Yaro"]
[Result "0-1"]
[WhiteElo "2825"]
[BlackElo "2627"]
[TimeControl "180+2"]
[EndTime "18:52:13 PST"]
[Termination "Cruel_Yaro won by checkmate"]

1. c4 c5 2. g3 Nf6 3. Bg2 d5 4.
cxd5 Nxd5 5. Nc3 Nc7 6. e3 e5 7. Nge2 Nc6 8. O-O Be7 9. f4 exf4 10. gxf4 O-O 11. Ng3 Be6 12. b3 f5 13. Bb2 Qd7 14. Na4 Rad8 15. Nh5 g6 16. Rf2 b5 17. Nc3 Bh4 18. Ng3 Nb4 19. Bf1 Nd3 20. Bxd3 Qxd3 21. Rc1 Bc8 22. Qf3 Ne6 23. Rg2 Rf7 24. Qc6 a6 25. Rf1 Rc7 26. Qb6 Rb7 27. Qa5 Rd6 28. Nce2 Rf7 29. Be5 Bd8 30. Qa3 Rdd7 31. e4 fxe4 32. f5 Ng5 33. Nf4 Nf3+ 34. Kh1 Qc2 35. fxg6 hxg6 36. Nge2 g5 37. Rc1 Qxd2 38. Qxc5 Bb7 39.
Bc3 Qd6 40. Qe3 Qh6 41. Bb4 Kh7 42. Ne6 Qxe6 43. Rg3 Qh6 44. Kg2 Qxh2+ 45. Kf1 Qh1+ 46. Kf2 Nh4+ 47. Nf4 Qh2+ 48. Ke1 Rxf4 49. Rh3 Qg2 50.
Qxf4 gxf4 51. Rxh4+ Bxh4# 0-1

[Event "*** Titled Tuesday 3|2 Blitz (Late)"]
[Site "Chess.com"]
[Date "2017.01.03"]
[Round "9"]
[White "andresgv36"]
[Black "bugsbunny444"]
[Result "0-1"]
[WhiteElo "2273"]
[BlackElo "2342"]
[TimeControl "180+2"]
[EndTime "18:52:17 PST"]
[Termination "bugsbunny444 won by checkmate"]

1. Nf3 d5 2. d4 e6 3. c4 c6 4. e3 Nf6 5. Nc3 Nbd7 6. Qc2 Bd6 7.
e4 dxe4 8. Nxe4 Nxe4 9. Qxe4 c5 10. Bg5 Qa5+ 11. Bd2 Qc7 12. Bd3 cxd4 13. Nxd4 Nc5 14.
Nb5 Qd7 15. Qd4 Nxd3+ 16. Qxd3 Be5 17. Qa3 b6 18. Bc3 Bxc3+ 19. bxc3 Qe7 20. Nd6+ Kf8 21. Rd1 Bb7 22. O-O Bc6 23. c5 h5 24. Rfe1 Qg5 25. Ne4 Bxe4 26. cxb6+ Qe7 27. Qxe7+ Kxe7 28. Rxe4 axb6 29.
a4 Rhc8 30. Rd3 b5 31. Red4 bxa4 32. Rd7+ Ke8 33. h4 a3 34. Rb7 a2 35. Rdd7 a1=Q+ 36. Kh2 Qxc3 37. Re7+ Kf8 38. Rxf7+ Kg8 39. Rfe7 Qe5+ 40.
Kh3 Ra3+ 41. g3 Qf5+ 42. Kg2 Qf3+ 43. Kh3 Qh1# 0-1

[Event "*** Titled Tuesday 3|2 Blitz (Late)"]
[Site "Chess.com"]
[Date "2017.01.03"]
[Round "9"]
[White "ChristopherYoo"]
[Black "AllStarShark"]
[Result "1-0"]
[WhiteElo "2076"]
[BlackElo "2201"]
[TimeControl "180+2"]
[EndTime "18:52:17 PST"]
[Termination "ChristopherYoo won by checkmate"]

1. e4 e5 2. Nf3 Nc6 3. Bb5 a6 4. Ba4 Nf6 5. O-O Be7 6. Re1 b5 7. Bb3 d6 8. c3 O-O 9. h3 Nb8 10. d4 Bb7 11. dxe5 dxe5 12. Qxd8 Bxd8 13. Nxe5 Nxe4 14. Be3 Bf6 15. Ng4 Nd7 16. Nd2 h5 17. Nxe4 hxg4 18. Nxf6+ Nxf6 19. hxg4 Nxg4 20. Bf4 Rad8 21.
Re7 Bd5 22. Bxc7 Bxb3 23. Bxd8 Rxd8 24. axb3 Rd2 25. f3 Nf6 26. Rxa6 Rxb2 27. Ra3 Nd5 28. Re8+ Kh7 29. c4 bxc4 30. bxc4 Nf4 31. Re4 g5 32.
Rc3 Nxg2 33. c5 Nh4 34. c6 Rb8 35. c7 Rc8 36. Rd4 Nxf3+ 37. Rxf3 Rxc7 38. Rd6 Kg7 39. Kg2 Ra7 40. Kg3 f6 41. Rdxf6 Ra4 42. Rd6 Ra1 43.
Rf5 Rg1+ 44. Kf2 Ra1 45. Rxg5+ Kf7 46. Rc5 Ke7 47. Rb6 Ra2+ 48. Ke3 Ra3+ 49. Kd2 Ra2+ 50. Kc3 Ra1 51. Rh5 Rc1+ 52. Kb2 Rg1 53. Rh7+ Kf8 54. Rb8# 1-0

[Event "*** Titled Tuesday 3|2 Blitz (Late)"]
[Site "Chess.com"]
[Date "2017.01.03"]
[Round "9"]
[White "MateusViageiro"]
[Black "Divertissement"]
[Result "1-0"]
[WhiteElo "2333"]
[BlackElo "2430"]
[TimeControl "180+2"]
[EndTime "18:52:34 PST"]
[Termination "MateusViageiro won on time"]

1. e4 e6 2. Qe2 c5 3. g3 Nc6 4. Nf3 g6 5. Bg2 Bg7 6. O-O Nge7 7. Rd1 O-O 8. c3 d5 9. exd5 Nxd5 10. d4 cxd4 11. Nxd4 Nxd4 12. cxd4 Bd7 13. Nc3 Bc6 14. Qc4 Nxc3 15. bxc3 Bxg2 16. Kxg2 Rc8 17.
Qb3 Qc7 18. Ba3 Rfd8 19. Rac1 b6 20. Kg1 Qc4 21. Bb2 Rd5 22. Qxc4 Rxc4 23. Kf1 Ra5 24. Ra1 Rca4 25. a3 Bf8 26. Ra2 b5 27. Rda1 Ra6 28.
Ke2 f6 29. f4 Kf7 30. Kd3 b4 31. cxb4 Bxb4 32. Kc2 Bd6 33. Kb3 R4a5 34. a4 Rb6+ 35. Kc2 Rc6+ 36. Kb3 h5 37. Bc3 Rf5 38. Re2 g5 39.
fxg5 Rf3 40. Rc1 fxg5 41. Kb2 h4 42. gxh4 gxh4 43. Rcc2 h3 44. Rc1 Rb6+ 45. Kc2 Ba3 46. Rd1 Rc6 47. Rd3 Rf1 48. Rxh3 Rc1+ 49. Kb3 Bd6 50.
Rf2+ Ke8 51. Rh8+ Kd7 52. Rh3 Rb6+ 53. Ka2 1-0

[Event "*** Titled Tuesday 3|2 Blitz (Late)"]
[Site "Chess.com"]
[Date "2017.01.03"]
[Round "9"]
[White "Frolik67"]
[Black "Houdinovic"]
[Result "1/2-1/2"]
[WhiteElo "2315"]
[BlackElo "2345"]
[TimeControl "180+2"]
[EndTime "18:52:40 PST"]
[Termination "Game drawn - insufficient material"]

1. e4 e6 2. d3 d5 3. Nd2 Nc6 4. Ngf3 e5 5. exd5 Qxd5 6. g3 Bg4 7.
Bg2 O-O-O 8. O-O Qd7 9. Re1 f6 10. Re4 Bc5 11. a4 Nge7 12. a5 a6 13. Rc4 Ba7 14. b4 Be6 15. Rc3 Nd5 16. Rb3 Nd4 17. Rbb1 Nc3 18. Qe1 Nxc2 19. Qf1 Qxd3 20. b5 Nxb1 21.
Rxb1 Qxf1+ 22. Bxf1 axb5 23. Bxb5 c6 24. Ba4 Kc7 25. Bxc2 Bc5 26. Ne4 Ba7 27. Ba3 Rd5 28.
Bd6+ Rxd6 29. Nxd6 Kxd6 30. Rxb7 Bc5 31. Rxg7 Rb8 32.
Rxh7 Rb2 33. Ne1 Ra2 34. h4 Bb4 35. Nd3 Bxa5 36. Ra7 Rxc2 37. Rxa5 Bg4 38. Kg2 e4 39. Ne1 Rc1 40. Kf1 Bh3+ 41. Ke2 Bg4+ 42. Kf1 c5 43. Ra3 c4 44. f4 exf3 45. Kf2 c3 46. Ra4 f5 47.
Rc4 Kd5 48. Rc8 Kd4 49. Nxf3+ Bxf3 50. Kxf3 Kd3 51. Rd8+ Kc2 52. h5 Rh1 53. g4 Rf1+ 54. Kg2 Rf4 55. gxf5 Rxf5 56. Rh8 Kc1 57. Kg3 c2 58. Kg4 Rb5 59. Rc8 Kb1 60. h6 c1=Q 61. Rxc1+ Kxc1 62. h7 Rb8 63. Kg5 Kd2 64. Kg6 Ke3 65.
Kg7 Kf4 66. h8=Q Rxh8 67. Kxh8 1/2-1/2

[Event "*** Titled Tuesday 3|2 Blitz (Late)"]
[Site "Chess.com"]
[Date "2017.01.03"]
[Round "9"]
[White "yurisolo"]
[Black "Dr-Bassem"]
[Result "0-1"]
[WhiteElo "2474"]
[BlackElo "2642"]
[TimeControl "180+2"]
[EndTime "18:53:10 PST"]
[Termination "Dr-Bassem won on time"]

1. e4 e5 2. Nf3 Nc6 3. Bb5 a6 4. Ba4 Nf6 5. O-O Be7 6. Re1 b5 7. Bb3 d6 8. c3 O-O 9. h3 Nb8 10. d4 Nbd7 11. Nbd2 Bb7 12. Bc2 Re8 13. a4 Bf8 14.
Bd3 b4 15. a5 g6 16. d5 bxc3 17. bxc3 Nc5 18. Bf1 c6 19. c4 Rc8 20. Ba3 Qxa5 21. Nb3 Nxb3 22. Qxb3 Qc7 23. Bd3 a5 24. Qa4 Ba6 25.
Bf1 cxd5 26. cxd5 Bxf1 27. Kxf1 Qc4+ 28. Qxc4 Rxc4 29. Nd2 Rd4 30. Ra2 Rc8 31. f3 Rc3 32. Nb1 Rb3 33. Rc1 Ra4 34. Ke2 Bh6 35. Rd1 Nd7 36. Ra1 Nc5 37. Kf1 Be3 38. Ra2 Bd4 39. Ke2 Na6 40. Rc2 Rbxa3 41. Nxa3 Rxa3 42. Rc6 Nc5 43. Rxd6 a4 44. Rc6 Rc3 45. d6 a3 46.
Rc8+ Kg7 47. Ra8 Kf6 48. Rd2 Rb3 0-1

[Event "*** Titled Tuesday 3|2 Blitz (Late)"]
[Site "Chess.com"]
[Date "2017.01.03"]
[Round "9"]
[White "VerdeNotte"]
[Black "MaestroASK"]
[Result "1-0"]
[WhiteElo "2506"]
[BlackElo "2480"]
[TimeControl "180+2"]
[EndTime "18:53:12 PST"]
[Termination "VerdeNotte won by resignation"]

1. e4 d6 2. d4 g6 3. Nc3 c6 4. f4 d5 5. e5 h5 6. Nf3 Nh6 7. Bd3 Bf5 8. Bxf5 Nxf5 9. e6 f6 10.
O-O Qd6 11. Qe2 Na6 12. Na4 Nc7 13. Re1 O-O-O 14. Bd2 Ng7 15. f5 gxf5 16. Nc5 b6 17. Na6 Qxe6 18. Qf1 Qd6 19. Nh4 e6 20. Bf4 Qxf4 21.
Qxf4 Nxa6 22. Ng6 Bd6 23. Qf1 Nc7 24. Nxh8 Rxh8 25. c4 Kd7 26. cxd5 cxd5 27. Rac1 h4 28. Rc3 Rc8 29. Rec1 e5 30. Qe1 Nge6 31. dxe5 Bxe5 32.
Qxh4 Bxc3 33. Rxc3 Re8 34. Qh7+ Re7 35. Qxf5 Kd6 36.
Qxf6 Re8 37. Qf7 Re7 38. Qg8 d4 39. Rc4 Rd7 40. Qg3+ Kd5 41. Qd3 Ke5 42. Rc1 Nc5 43. Re1+ Kd5 44. Qf3+ Kd6 45. Qf6+ Kd5 46. Re5+ Kc4 47.
Qf5 Rd5 48. b3+ Kc3 49. Rxd5 Nxd5 50. Qxd5 d3 51. Kf2 Kd2 52. h4 Na6 53. Qd4 Nc5 54. h5 Kc2 55. h6 d2 56. Ke2 d1=Q+ 57. Qxd1+ Kb2 58. h7 Ka3 59. h8=Q 1-0

[Event "*** Titled Tuesday 3|2 Blitz (Late)"]
[Site "Chess.com"]
[Date "2017.01.03"]
[Round "9"]
[White "pKiLz5Rn9b"]
[Black "iturrizaga"]
[Result "0-1"]
[WhiteElo "2480"]
[BlackElo "2693"]
[TimeControl "180+2"]
[EndTime "18:53:35 PST"]
[Termination "iturrizaga won by checkmate"]

1. e4 c5 2. c3 Nf6 3. e5 Nd5 4.
Nf3 Nc6 5. d4 cxd4 6. cxd4 g6 7.
h4 d6 8. h5 Bf5 9. hxg6 Bxg6 10. Nh4 Bxb1 11. Rxb1 dxe5 12. dxe5 e6 13. Nf3 Bb4+ 14.
Bd2 Qa5 15. a3 Bxd2+ 16. Qxd2 Qc7 17. Qg5 a6 18. Bc4 Nde7 19. Rc1 O-O-O 20. Qf6 Ng6 21. O-O Kb8 22. Rfe1 h6 23. b4 Qe7 24. Qxe7 Ngxe7 25. g3 Rhg8 26. Kg2 Rg4 27. Rh1 Ng6 28. Bxa6 Ncxe5 29. Nxe5 Nxe5 30. Bf1 Rg6 31. Re1 Nc6 32. Rh4 f5 33.
Bc4 Rd6 34. Reh1 e5 35. Rh5 Rgf6 36. Re1 e4 37. Be2 Nd4 38. Bd1 Rc6 39. g4 Rc1 40. gxf5 Nxf5 41. Rh3 Rg6+ 42. Kf1 e3 43. fxe3 Ng3+ 44.
Kf2 Ne4+ 45. Kf1 Rf6+ 46. Ke2 Ra1 47. Bc2 Rf2+ 48. Kd3 Rxe1 49. Ba4 Nf6 50. Rxh6 Rf3 51. Kd2 Rexe3 52. Bc2 Rxa3 53. Ke2 Rfe3+ 54. Kd2 Ne4+ 55. Kc1 Nc3 56. Kb2 Na4+ 57. Kc1 Nc3 58. Kb2 Nd5 59. Rh7 Nxb4 60. Bf5 Ra2+ 61. Kc1 Re1# 0-1